 Dungeon Crawl Stone Soup version 0.17.0-24-gcfadda4 (webtiles) character file.

360 Gorice the Skirmisher (level 6, -2/48 HPs)
             Began as a Demonspawn Wanderer on Nov 15, 2015.
             Slain by an ogre
             ... wielding a +0 giant spiked club
              (23 damage)
             ... on level 3 of the Dungeon.
             The game lasted 00:10:47 (3959 turns).

Gorice the Skirmisher (Demonspawn Wanderer)         Turns: 3959, Time: 00:10:47

Health: -2/48      AC:  3    Str: 17    XL:     6   Next: 38%
Magic:  9/9        EV: 11    Int: 12    God:
Gold:   254        SH:  0    Dex: 11    Spells: 0 memorised, 9 levels left

rFire  . . .     SeeInvis .     j - +1 spear (venom)
rCold  . . .     Clarity  .     g - +0 leather armour
rNeg   . . .     SustAt   .     (no shield)
rPois  .         Gourm    .     (helmet restricted)
rElec  .         Spirit   .     (no cloak)
rCorr  .         Warding  .     (no gloves)
rMut   .         Stasis   .     (no boots)
MR     .....                    (no amulet)
Stlth  +.........               (no ring)
                                (no ring)

@: not resistant to hostile enchantments, very unstealthy
A: antennae 2, claws 1, hooves 1
a: no special abilities


You were on level 3 of the Dungeon.
You were hungry.

You visited 1 branch of the dungeon, and saw 4 of its levels.

You collected 254 gold pieces.

Inventory:

Hand Weapons
 a - a +2 hand axe
 j - a +1 spear of venom (weapon)
   (You found it on level 1 of the Dungeon)
Missiles
 w - 10 steel bolts
 Z - 144 stones (quivered)
Armour
 d - a +0 robe
 g - a +0 leather armour (worn)
Jewellery
 o - an uncursed ring of magical power
 u - the amulet of Rov Xounn {Inacc rC+}
   (You found it on level 4 of the Dungeon)

   [amulet of inaccuracy]

   It reduces the accuracy of all your attacks.
   It protects you from cold.
Wands
 v - a wand of digging (13)
Scrolls
 i - a scroll of immolation {!r}
 x - a scroll of enchant armour {unknown}
Potions
 b - a potion of lignification {!q}
 f - a potion of heal wounds {unknown}
 h - 3 potions of curing
 m - 2 potions of degeneration {unknown}
 n - a potion of mutation {unknown}
 p - a potion of cure mutation {unknown}
 r - a potion of poison {unknown}
 s - a potion of agility {unknown}
 t - 2 potions of brilliance {unknown}
Books
 c - the Tome of Cold

   Spells                             Type                      Level
   a - Freeze                         Ice                          1
   b - Throw Frost                    Conjuration/Ice              2
Comestibles
 e - a bread ration {!e}
 k - 3 beef jerkies
 l - 4 fruits
 q - a meat ration {!e}


   Skills:
 + Level 4.1 Fighting
 - Level 3.4 Axes
 - Level 1.7 Throwing
 - Level 1.0 Armour
 * Level 3.6 Unarmed Combat
 - Level 2.0 Spellcasting
   Level 1.0 Conjurations


You had 9 spell levels left.
You didn't know any spells.

Dungeon Overview and Level Annotations

Branches:
Dungeon (4/15)
 Temple: D:4-7

Altars:
Dithmenos
Gozag


Innate Abilities, Weirdness & Mutations

You have a pair of antennae on your head.
You have sharp fingernails.
You have large cloven feet.


Message History

w - 4 chunks of flesh You see here a giant club.
There is a stone staircase leading down here.
You start resting.
HP restored.
You climb downwards.
All of the chunks of flesh in your inventory have rotted away.
There is a stone staircase leading up, spattered with blood here.
Things that are here:
a robe; a halberd Search for what [Enter for "armour", or ? for help]? armour You see here 10 steel bolts.
w - 10 steel bolts
Found a scroll of magic mapping.
An ogre comes into view. It is wielding a giant spiked club.
The ogre shouts!
Found a sharpened bone wand.
Attack whom?
Press: ? - help, Dir - move target cursor, f - ogre
Aim: an ogre, wielding a giant spiked club You reach to attack!
You hit the ogre.
The ogre is poisoned.
The ogre is moderately wounded.
You are feeling hungry.
The ogre looks more healthy.
You hit the ogre.
The ogre is poisoned.
You kick the ogre, but do no damage.
The ogre is severely wounded.
The ogre hits you with a giant spiked club!!
Damage: 21 (max 21) Unknown command.
The ogre looks more healthy.
The phantom blinks!
There is a stone staircase leading up, spattered with blood here.
The ogre hits you with a giant spiked club!!
Ouch! That really hurt!
* * * LOW HITPOINT WARNING * * *
You climb upwards.
There is a stone staircase leading down here.
Damage: 25 (max 25) Attack whom?
Press: ? - help, Dir - move target cursor, f - ogre
Aim: an ogre, wielding a giant spiked club (almost dead)
You reach to attack!
You barely miss the ogre.
The ogre is almost dead.
There is an open door here.
There is an open door here.
Drink which item? (? for menu, Esc to quit)
Okay, then.
There is an open door here.
There is an open door here.
The ogre hits you with a giant spiked club!!
You die...

.######.....##.#
.######..)..##.###############
......'.....+...>............#
#######.....#.#############.##
# ###..............# #.#
####### #)###.########.# #.#
..<...# #.##..### #.# #.#
#####.# #.##....######.## #.#
....#.# #.#.....@O......# #.#
###.#.# #.#.....######### #)#
....#.# #....##############.#
.#..#.# #..#.##...........#.#
.#..#.# #..#.##.#########.#.#
.#..#.###.##.##.# #.#.#
.#..#.##..##.##.# #.#.#
.#..#.##..##.##.# #.#.#
.#..#.#...##.##.# #.#.#


You could see an ogre.

Vanquished Creatures
  2 ogres
  Blork the orc (D:4)
  Ijyb (D:2)
  4 adders
  2 worms (D:2)
  2 giant geckos
  An orc (D:3)
  6 bats
  3 giant cockroaches
  5 goblins
  5 hobgoblins
  13 kobolds
  3 giant newts
  7 jackals (D:1)
  4 rats
59 creatures vanquished.

Notes
Turn   | Place    | Note
--------------------------------------------------------------
     0 | D:1      | Gorice the Demonspawn Wanderer began the quest for the Orb.
     0 | D:1      | Gorice set off with: a +2 hand axe, a potion of lignification {!q}, the Tome of Cold, a +0 robe, a bread ration {!e}
     0 | D:1      | Reached XP level 1. HP: 16/16 MP: 3/3
     0 | D:1      | Identified the Tome of Cold
    45 | D:1      | Reached skill level 2 in Axes
    46 | D:1      | HP: 3/16 [jackal (2)]
    78 | D:1      | Gained mutation: You have a pair of small antennae on your head. [demonic ancestry]
    78 | D:1      | Reached XP level 2. HP: 5/22 MP: 5/5
  1005 | D:2      | Reached skill level 3 in Axes
  1005 | D:2      | Gained mutation: You have a pair of antennae on your head. [demonic ancestry]
  1005 | D:2      | Reached XP level 3. HP: 13/28 MP: 6/6
  1238 | D:2      | Noticed Ijyb
  1271 | D:2      | HP: 8/28 [Ijyb (2)]
  1277 | D:2      | HP: 3/28 [Ijyb (2)]
  1278 | D:2      | Killed Ijyb
  1278 | D:2      | Gained mutation: You have sharp fingernails. [demonic ancestry]
  1278 | D:2      | Reached XP level 4. HP: 3/34 MP: 7/7
  1796 | D:2      | Reached skill level 3 in Fighting
  1824 | D:2      | Reached skill level 1 in Unarmed Combat
  2242 | D:3      | Found an opulent altar of Gozag.
  2390 | D:3      | Found a shadowy altar of Dithmenos.
  3092 | D:4      | Got a pitted jade amulet
  3107 | D:4      | Noticed an ogre
  3118 | D:4      | Noticed Blork the orc
  3134 | D:4      | Killed an ogre
  3134 | D:4      | Reached skill level 2 in Unarmed Combat
  3134 | D:4      | Gained mutation: You have large cloven feet. [demonic ancestry]
  3134 | D:4      | Reached XP level 5. HP: 23/42 MP: 8/8
  3272 | D:3      | Identified the amulet of Rov Xounn {Inacc rC+} (You found it on level 4 of the Dungeon)
  3299 | D:4      | Killed Blork the orc
  3299 | D:4      | Reached skill level 3 in Unarmed Combat
  3299 | D:4      | Reached XP level 6. HP: 28/48 MP: 9/9
  3369 | D:4      | Noticed a phantom
  3370 | D:4      | Noticed an ogre
  3544 | D:4      | HP: 11/48 [ogre/giant club (17)]
  3566 | D:3      | Killed an ogre
  3566 | D:3      | Reached skill level 4 in Fighting
  3824 | D:4      | Noticed an ogre
  3853 | D:4      | HP: 4/48 [ogre/giant spiked club (25)]
  3959 | D:3      | Slain by an ogre

Action                   |  1- 3 |  4- 6 || total
-------------------------+-------+-------++-------
Melee: Hand axe          |   123 |    29 ||   152
       Spear             |       |    60 ||    60
Throw: Stone             |       |     7 ||     7
  Use: Scroll            |       |     3 ||     3
 Stab: Sleeping          |     1 |     2 ||     3
  Eat: Chunk             |       |     9 ||     9

Table legend:
 A = Turns spent in this place as a percentage of turns spent in the entire game.
 B = Non-inter-level travel turns spent in this place as a percentage of non-inter-level travel turns spent in the entire game.
 C = Inter-level travel turns spent in this place as a percentage of turns spent in this place.
 D = Turns resting spent in this place as a percentage of non-inter-level travel turns spent in this place.
 E = Turns spent auto-exploring this place as a percentage of non-inter-level travel turns spent in this place.
 F = Non-inter-level travel turns spent in this place divided by the number of levels of this place that you've seen.
                   A       B       C       D       E      F
               +-------+-------+-------+-------+-------+----------------------
         Total | 100.0 | 100.0 |   0.4 |   1.4 |   6.0 | 286.8
       Dungeon | 100.0 | 100.0 |   0.4 |   1.4 |   6.0 | 286.8
               +-------+-------+-------+-------+-------+----------------------

Vault maps used:
D:1:      dpeg_arrival_ternary, minmay_misc_feat_cross
D:2:      patterned_corridor, uniq_iyjb
D:3:      nicolae_overflow_hidden_temple, grunt_gozag_statues
D:4:      hangedman_decor_points, hangedman_decor_clover_reticule,
          uniq_blork_the_orc
